 Dungeon Crawl Stone Soup version 0.29.1-1-gd02db6906a (webtiles) character file.

Game seed: 7973907959165137777

2279 MisterFreud the Cruncher (level 9, 0/68 HPs)
             Began as a Formicid Gladiator on Oct 2, 2022.
             Was an Initiate of Yredelemnul.
             Slain by a kobold
             ... wielding a +0 club
              (4 damage)
             ... on level 7 of the Dungeon.
             The game lasted 00:11:35 (8820 turns).

MisterFreud the Cruncher (Formicid Gladiator)       Turns: 8820, Time: 00:11:36

Health: 0/68       AC:  5    Str: 21    XL:     9   Next: 66%
Magic:  9/9        EV: 12    Int:  8    God:    Yredelemnul [......]
Gold:   501        SH:  5    Dex: 17    Spells: 8/8 levels left

rFire   + . .      SeeInvis +   a - +1 quarterstaff
rCold   . . .      Faith    .   v - +0 buckler
rNeg    . . .      Spirit   .   b - +0 leather armour
rPois   .          Reflect  .   (helmet unavailable)
rElec   .          Harm     .   (no cloak)
rCorr   .          Rampage  .   (no gloves)
Will    +....                   s - +1 pair of boots
Stlth   +.........              (no amulet)
HPRegen 0.21/turn               n - ring of protection from fire
MPRegen 0.11/turn               x - ring of willpower

@: no status effects
A: permanent stasis, dig shafts and tunnels, antennae 3, four strong arms
a: Dig, Shaft Self, Renounce Religion, Recall Undead Harvest


You were on level 7 of the Dungeon.
You worshipped Yredelemnul.
Yredelemnul was noncommittal.
You visited 2 branches of the dungeon, and saw 10 of its levels.

You collected 501 gold pieces.

Inventory:

Hand Weapons
 a - a +1 quarterstaff (weapon)
Missiles
 c - 3 throwing nets
 d - a javelin
 m - 6 curare-tipped darts
 t - 4 silver boomerangs (quivered)
 A - 4 poisoned darts
Armour
 b - a +0 leather armour (worn)
 s - a +1 pair of boots (worn)
 v - a +0 buckler (worn)
Jewellery
 g - an amulet of magic regeneration
 h - a +6 ring of dexterity
 n - a ring of protection from fire (left hand)
 x - a ring of willpower (right hand)
Wands
 e - a wand of flame (29)
 p - a wand of quicksilver (20)
 u - a wand of paralysis (6)
 y - a wand of mindburst (7)
Scrolls
 l - 2 scrolls of amnesia
 w - a scroll of fog
 B - a scroll of identify
Potions
 f - a potion of berserk rage
 i - 2 potions of magic
 j - a potion of curing
 k - 2 potions of brilliance
 o - a potion of flight {unknown}
 q - a potion of ambrosia
 r - a potion of cancellation {unknown}
 z - a potion of attraction {unknown}


   Skills:
 - Level 5.0 Fighting
 + Level 8.8 Staves
 + Level 3.2 Throwing
 + Level 4.6 Armour
 - Level 2.6 Dodging
 - Level 4.0 Shields
 + Level 5.4 Evocations


You had 8 spell levels left.
You didn't know any spells.
Your spell library contained the following spells:

 Spells                   Type           Power      Damage    Failure   Level
 Dazzling Flash           Conj/Hex       0%         N/A       88%         3
 Gell's Gravitas          Tloc           0%         N/A       88%         3
 Lesser Beckoning         Tloc           0%         N/A       88%         3
 Teleport Other           Tloc           0%         N/A       88%         3
 Iskenderun's Mystic Bla  Conj/Tloc      0%         2d3       99%         4
 Starburst                Conj/Fire      0%         6d3       100%        6


Dungeon Overview and Level Annotations

Branches:
Dungeon (9/15)             Temple (1/1) D:7
   Lair: D:8-11         Orc: D:9-12

Altars:
Ashenzari
Dithmenos
Elyvilon
Fedhas
Gozag
Hepliaklqana
Nemelex Xobeh
Okawaru
Qazlal
Ru
Sif Muna
Trog
Uskayaw
Yredelemnul
Zin
Lugonu

Shops:
D:6 *   D:8 ?

Annotations:
D:5 Prince Ribbit


Innate Abilities, Weirdness & Mutations

You cannot be hasted, slowed, berserked, paralysed or teleported.
You can dig through walls and to a lower floor.
You have a pair of large antennae on your head. (SInv)
Your four strong arms can wield two-handed weapons with a shield.


Message History

You feel very sick. The kobold hits you but does no damage.
Your kobold brigand zombie hits the kobold but does no damage.
The kobold attacks as you move away! You block the kobold's attack.
You feel very sick.
The kobold throws a poisoned dart.
The poisoned dart misses you.
Your kobold brigand zombie barely misses the kobold.
You feel sick.
The kobold hits your kobold brigand zombie with a +0 dagger.
The kobold hits your kobold brigand zombie with a +0 club.
Your kobold brigand zombie completely misses the kobold.
You feel sick.
The kobold hits your kobold brigand zombie but does no damage.
The kobold closely misses your kobold brigand zombie.
You feel sick.
The kobold brigand throws a curare-tipped dart.
The curare-tipped dart barely misses you.
The kobold hits your kobold brigand zombie but does no damage.
The kobold hits your kobold brigand zombie with a +0 club.
Your kobold brigand zombie misses the kobold.
You feel sick.
You feel sick.
You feel sick.
You feel sick.
You are no longer poisoned.
You swap places.
The kobold brigand throws a curare-tipped dart.
The curare-tipped dart closely misses you.
You are too injured to fight recklessly!
You are too injured to fight recklessly!
Unknown command.
The kobold brigand hits you with a +0 dagger.
* * * LOW HITPOINT WARNING * * *
Unknown command.
You closely miss the kobold brigand. You block the kobold brigand's attack.
The kobold hits you with a +0 whip.
* * * LOW HITPOINT WARNING * * *
The kobold hits you with a +0 club.
You die...
Your body rises from the dead as a mindless zombie.

#..Z.Z.. #Z######
####### #Z# #
######.....#####.#### #
.............Z.....# #
###..##.....#####.##.# #
#...........# #.##.###
#.#.#..###K...# #....ZZ.
#......KK@....# ####.###
.......KK##Z### #Z#
.#.###KK##.# #Z#
#.K##+## #.# #..#K..##
#.# #?)K....# ##.#
#..K.....# ##..# {
............####...###
..............+.......Z.


You could see a kobold brigand, 7 kobolds and a friendly kobold brigand zombie.

Vanquished Creatures
  2 sky beasts
  2 centaurs (D:7)
  4 black bears
  3 phantoms
  A kobold brigand (D:7)
  2 bullfrogs
  Blork the orc (D:5)
  A gnoll sergeant (D:8)
  3 scorpions
  3 howler monkeys
  4 hounds
  2 jellies
  2 orc priests
  Ijyb (D:2)
  3 iguanas
  3 orc wizards
  13 gnolls
  4 adders
  2 shadow imps
  2 white imps
  2 ufetubi
  A worm (D:2)
  3 dart slugs
  19 orcs
  7 bats
  2 endoplasms (D:1)
  3 giant cockroaches
  14 hobgoblins
  2 jackals (D:4)
  10 kobolds
  2 quokkas
  7 ball pythons
  2 frilled lizards
  12 goblins
  5 rats
149 creatures vanquished.

Vanquished Creatures (collateral kills)
  A kobold (D:7)
1 creature vanquished.

Vanquished Creatures (others)
  A kobold zombie (D:7)
1 creature vanquished.

Grand Total: 151 creatures vanquished

Notes
Turn   | Place    | Note
-------+----------+-------------------------------------------
     0 | D:1      | MisterFreud the Formicid Gladiator began the quest for the
                  | Orb.
     0 | D:1      | Reached XP level 1. HP: 16/16 MP: 1/1
   106 | D:1      | Reached XP level 2. HP: 22/22 MP: 2/2
   405 | D:1      | Reached skill level 4 in Staves
   405 | D:1      | Reached XP level 3. HP: 22/27 MP: 3/3
  1168 | D:2      | Noticed Ijyb
  1192 | D:2      | You fall into a shaft and drop 2 floors!
  1422 | D:4      | Noticed a scorpion
  1530 | D:4      | Reached XP level 4. HP: 20/33 MP: 4/4
  1535 | D:4      | Reached skill level 5 in Staves
  1535 | D:4      | Reached XP level 5. HP: 13/38 MP: 5/5
  1540 | D:4      | HP: 1/38 [adder (3)]
  1541 | D:4      | You fall into a shaft and drop 1 floor!
  1541 | D:5      | Entered Level 5 of the Dungeon
  1894 | D:5      | Noticed a phantom
  1906 | D:5      | Killed a phantom
  1907 | D:5      | Reached skill level 6 in Staves
  1907 | D:5      | Reached XP level 6. HP: 42/47 MP: 6/6
  1940 | D:5      | Noticed a black bear
  1955 | D:5      | Killed a black bear
  2135 | D:5      | Found a hazy altar of Hepliaklqana.
  2165 | D:4      | Reached skill level 5 in Fighting
  2165 | D:4      | Reached XP level 7. HP: 49/56 MP: 7/7
  2323 | D:5      | Reached skill level 1 in Evocations
  3113 | D:2      | Killed Ijyb
  3621 | D:3      | Found a broken altar of Ashenzari.
  3730 | D:3      | Found a blossoming altar of Fedhas.
  3949 | D:3      | Found an iron altar of Okawaru.
  4142 | D:3      | Found a bloodstained altar of Trog.
  4655 | D:4      | Found a sparkling altar of Nemelex Xobeh.
  5243 | D:5      | Noticed Prince Ribbit
  5252 | D:5      | Reached XP level 8. HP: 62/62 MP: 8/8
  5261 | D:5      | Reached skill level 1 in Shields
  5271 | D:5      | HP: 3/62 [Prince Ribbit (9)]
  5275 | D:5      | You fall into a shaft and drop 3 floors!
  5594 | D:8      | Reached skill level 7 in Staves
  6081 | D:6      | Found a sacrificial altar of Ru.
  6133 | D:6      | Reached skill level 1 in Armour
  6133 | D:6      | Reached skill level 5 in Evocations
  6360 | D:5      | Found an opulent altar of Gozag.
  6428 | D:5      | Reached XP level 9. HP: 56/68 MP: 9/9
  6442 | D:5      | Reached skill level 8 in Staves
  6852 | D:5      | Noticed Blork the orc
  6857 | D:5      | Killed Blork the orc
  7332 | D:6      | Found Zin's Purification Station.
  7335 | D:6      | Found a glowing silver altar of Zin.
  7572 | D:6      | Noticed a hornet
  7588 | D:6      | You fall into a shaft and drop 2 floors!
  7847 | D:8      | Found Beybais's Magic Scroll Shoppe.
  8198 | D:7      | Found a staircase to the Ecumenical Temple.
  8264 | Temple   | Entered the Ecumenical Temple
  8334 | Temple   | Became a worshipper of Yredelemnul the Dark
  8524 | D:7      | Reached * piety under Yredelemnul
  8820 | D:7      | Slain by a kobold

Illustrated notes

Levels and vault maps discovered:
D:1:      matt_arrival_diagonals, layout_basic
D:2:      kennysheep_the_goblin_king, layout_basic
D:3:      layout_rooms, mainiacjoe_overflow_brackets, trog_book,
          mainiacjoe_overflow_boulevard, evilmike_ruin_ashenzari
D:4:      layout_cave_pools, mainiacjoe_overflow_alcove_4
D:5:      layout_basic, kennysheep_little_box, mainiacjoe_overflow_24_doors,
          nicolae_fountain_basement, uniq_blork_the_orc, uniq_prince_ribbit1
D:6:      layout_loops_ring, nicolae_vehumet_altar_sigil,
          nicolae_ru_sacrificial_ziggurat, zin_purify, minivault_1,
          corexii_mini_fake_secret_closet
D:7:      layout_loops_corners, minmay_temple_entry_antechambers,
          hangedman_decor_push
D:8:      layout_basic, tso_oasis_becter, serial_shops, shop_scrolls, shop
D:9:      layout_basic, uniq_pikel
Temple:   corrupted_temple

Skill      XL: |  1  2  3  4  5  6  7  8  9 |
---------------+----------------------------+-----
Staves         | 4 5 6 7 8 |  8.8
Fighting       | 3 5 |  5.0
Evocations     | 3 5 |  5.4
Shields        | 4 |  4.0
Armour         | 2 4 |  4.6
Throwing       | 3 |  3.2
Dodging        | |  2.6

Action                   |  1- 3 |  4- 6 |  7- 9 || total
-------------------------+-------+-------+-------++-------
Melee: Quarterstaff      |    80 |    30 |   417 ||   527
       Punch             |     2 |       |     1 ||     3
Throw: Javelin           |       |     2 |     1 ||     3
       Boomerang         |       |       |    35 ||    35
 Abil: Shaft Self        |     1 |     1 |     2 ||     4
  Use: Scroll            |     6 |       |     7 ||    13
       Potion            |     2 |       |     2 ||     4
 Stab: Sleeping          |     1 |       |     4 ||     5
       Distracted        |       |       |     1 ||     1
Armor: Leather armour    |    23 |     4 |    97 ||   124
Dodge: Dodged            |    53 |    21 |   279 ||   353
Block: Buckler           |       |       |    67 ||    67
